 Dungeon Crawl Stone Soup version 0.28.0-53-g5a82cb258f (webtiles) character file.

Game seed: 15251044441494967773

112 Tirrikindir the Ducker (level 4, 31/31 HPs)
             Began as an Octopode Fighter on Aug 12, 2022.
             Got out of the dungeon alive.
             The game lasted 00:04:13 (2603 turns).

Tirrikindir the Ducker (Octopode Fighter)           Turns: 2603, Time: 00:04:14

Health: 31/31      AC:  1    Str: 13    XL:     4   Next: 93%
Magic:  4/4        EV: 13    Int: 10    God:
Gold:   81         SH:  5    Dex: 13    Spells: 3/3 levels left

rFire   . . .      SeeInvis .   a - +0 long sword
rCold   . . .      Faith    .   b - +0 buckler
rNeg    . . .      Spirit   .   (helmet restricted)
rPois   .          Reflect  .   (no amulet)
rElec   .          Harm     .   (no ring)
rCorr   .          Rampage  .   (no ring)
Will    .....                   (no ring)
Stlth   +++.......              (no ring)
HPRegen 0.10/turn               (no ring)
MPRegen 0.09/turn               (no ring)
                                (no ring)
                                (no ring)

@: no status effects
A: almost no armour, amphibious, 8 rings, camouflage 1, gelatinous body 1,
(nimble swimmer 1), tentacles, mutation resistance 1, inhibited regeneration,
weak 1
a: no special abilities


You escaped.
You visited 1 branch of the dungeon, and saw 3 of its levels.

You collected 81 gold pieces.

Inventory:

Hand Weapons
 a - a +0 long sword (weapon)
Missiles
 d - 3 boomerangs (quivered)
Armour
 b - a +0 buckler (worn)
Jewellery
 k - an amulet of magic regeneration
Scrolls
 f - a scroll of acquirement {unknown}
 g - a scroll of enchant weapon {unknown}
 i - a scroll of summoning {unknown}
Potions
 c - 2 potions of might
 e - a potion of curing
 h - a potion of lignification


   Skills:
 + Level 3.5 Fighting
 * Level 3.3 Long Blades
 + Level 3.5 Dodging
 + Level 2.2 Stealth
 + Level 3.4 Shields


You had 3 spell levels left.
You didn't know any spells.
Your spell library was empty.

Dungeon Overview and Level Annotations

Branches:
Dungeon (3/15)

Altars:


Innate Abilities, Weirdness & Mutations

You cannot wear most types of armour.
You are amphibious.
You can wear up to eight rings at the same time.
Your skin changes colour to match your surroundings (Stealth+).
Your rubbery body absorbs attacks. (AC +1, EV +1)
((You are camouflaged when in or above water. (Stealth+)))
You have tentacles for arms and can constrict up to eight enemies at once.
You are somewhat resistant to further mutation.
You do not regenerate when monsters are visible.
You are weak. (Str -2)


Message History

You hit the ball python.
You kill the ball python!
You open the door.
There is an open door here.
You open the door.
There is an open door here.
A ball python comes into view.
The helpless ball python fails to defend itself.
You hit the ball python. Your grab misses the ball python.
Your squeeze misses the ball python.
The ball python is severely wounded.
The ball python barely misses you. You block the ball python's attack.
The ball python barely misses you. The ball python grabs you.
The ball python constricts you.
You barely miss the ball python. Your grab misses the ball python.
The ball python is severely wounded.
The ball python bites you. The ball python constricts you.
You barely miss the ball python. Your grab misses the ball python.
You squeeze the ball python.
You kill the ball python!
Found a ring mail.
k - an amulet of magic regeneration
Okay, then.
It was a potion of mutation.
You feel extremely strange.
Your regeneration stops near monsters.
You feel weaker.
You feel genetically stable.
(D) Dungeon
Where to? (Enter - D:3, ? - help)
What level of the Dungeon? (default 1, ? - help)
There is a stone staircase leading down here.
There is an escape hatch in the ceiling here.
A mysterious force pulls you upwards. The hatch slams shut behind you.
There is a stone staircase leading up here.
You climb upwards.
There is a stone staircase leading down here.
You see here a +0 leather armour.
There is an open door here.
There is a staircase leading out of the dungeon here.
Are you sure you want to leave the Dungeon?
This will make you lose the game!
You have escaped!

.####### ##.#####.#####.# #.
.# #..#...#.#...#.# #. ##
#..#...#.'...#.# ###.
#..#...#.#...#.# #... ####
#..##'##.#####.# #.## ...#
#..............## #.#
##.#########..#####.##'##..#
#.#
#...[........#...#.#...#..#
#.#
#..####......#.@.'.#.>.#..#
#.# ##..#
######.#...#.#...#..# #.##
....# #.#####.#####..# #...
##.## #..............# ####
#.# #.###.####.###.# # #.#
#.....# #.# #.# # ##.###
####.## #.# #.# #
.....###########.#####.# #.#
# #..#...................#
#.# #


There were no monsters in sight!

Vanquished Creatures
  A scorpion (D:3)
  An adder (D:3)
  2 dart slugs
  4 orcs (D:3)
  4 ball pythons
  5 bats
  4 endoplasms
  2 hobgoblins
  2 quokkas
  3 frilled lizards
  2 goblins
  4 kobolds
  2 rats (D:1)
36 creatures vanquished.

Vanquished Creatures (others)
  8 withered plants (D:2)
8 creatures vanquished.

Grand Total: 44 creatures vanquished

Notes
Turn   | Place    | Note
-------+----------+-------------------------------------------
     0 | D:1      | Tirrikindir the Octopode Fighter began the quest for the
                  | Orb.
     0 | D:1      | Reached XP level 1. HP: 16/16 MP: 1/1
   166 | D:1      | Reached XP level 2. HP: 21/21 MP: 2/2
   314 | D:1      | Reached skill level 1 in Stealth
   909 | D:2      | Reached XP level 3. HP: 26/26 MP: 3/3
   923 | D:2      | Found a faded altar of an unknown god.
  2119 | D:3      | Noticed a scorpion
  2127 | D:3      | Killed a scorpion
  2128 | D:3      | Reached XP level 4. HP: 6/31 MP: 4/4
  2485 | D:3      | Gained mutation: You do not regenerate when monsters are
                  | visible. [potion of mutation]
  2485 | D:3      | Gained mutation: You are weak. (Str -2) [potion of
                  | mutation]
  2485 | D:3      | Gained mutation: You are somewhat resistant to further
                  | mutation. [potion of mutation]
  2603 | D:$      | Got out of the dungeon alive.

Illustrated notes

Levels and vault maps discovered:
D:1:      minmay_arrival_four_houses, layout_loops_ring
D:2:      layout_basic, ebering_ecumenical_altar_petrified, kennysheep_boxes
D:3:      layout_basic

Skill      XL: |  1  2  3 |
---------------+----------+-----
Stealth        | 1 2 |  2.2
Long Blades    | 3 |  3.3
Fighting       | |  3.5
Dodging        | |  3.5
Shields        | |  3.4

Action                   |  1- 3 |  4- 6 || total
-------------------------+-------+-------++-------
Melee: Long sword        |    63 |    11 ||    74
       Constrict         |    22 |       ||    22
       Tentacles         |    12 |     1 ||    13
       Punch             |     1 |       ||     1
  Use: Scroll            |     4 |       ||     4
       Potion            |     1 |     2 ||     3
 Stab: Sleeping          |     9 |     1 ||    10
Armor: Skin              |     1 |     1 ||     2
Dodge: Dodged            |    38 |     9 ||    47
Block: Buckler           |    11 |     3 ||    14
